 Dungeon Crawl Stone Soup version 0.29.1-2-gbd0b4ee654 (webtiles) character file.

Game seed: 3829339787415813329

11879 SBREAK the Basher (level 12, -17/95 HPs)
             Began as a Formicid Fighter on Nov 8, 2022.
             Was a High Priest of Okawaru.
             Demolished by a very large slime creature (33 damage)
             ... on level 11 of the Dungeon.
             The game lasted 00:28:04 (14533 turns).

SBREAK the Basher (Formicid Fighter)               Turns: 14533, Time: 00:28:04

Health: -17/95     AC: 20    Str: 32    XL:     12   Next: 13%
Magic:  7/17       EV: 10    Int:  5    God:    Okawaru [*****.]
Gold:   643        SH:  5    Dex: 18    Spells: 11/11 levels left

rFire   . . .      SeeInvis +   D - +11 hand axe "Fax Nena" {vorpal, Dex+5 Stlth+}
rCold   . . .      Faith    .   c - +0 buckler
rNeg    . . .      Spirit   .   U - +0 plate armour
rPois   .          Reflect  .   (helmet unavailable)
rElec   .          Harm     .   R - +0 cloak
rCorr   .          Rampage  .   T - +3 Mad Mage's Maulers {Infuse+∞ RegenMP Int-3}
Will    +....                   I - +0 pair of boots
Stlth   ..........              b - amulet of the acrobat
HPRegen 0.25/turn               h - +6 ring of strength
MPRegen 0.55/turn               (no ring)

@: no status effects
A: permanent stasis, dig shafts and tunnels, antennae 3, four strong arms
a: Dig, Shaft Self, Renounce Religion, Heroism, Finesse, Duel


You were on level 11 of the Dungeon.
You worshipped Okawaru.
Okawaru was extremely pleased with you.
You visited 2 branches of the dungeon, and saw 12 of its levels.
You also visited: Sewer.

You collected 643 gold pieces.

Inventory:

Hand Weapons
 C - a +2 whip of freezing
 D - the +11 hand axe "Fax Nena" (weapon) {vorpal, Dex+5 Stlth+}
   (You found it on level 5 of the Dungeon)

   It inflicts extra damage upon your enemies.
   Dex:       It affects your dexterity (+5).
   Stlth:     It makes you more stealthy.
 K - a +4 battleaxe
Missiles
 H - 8 throwing nets (quivered)
 N - 2 silver javelins
Armour
 c - a +0 buckler (worn)
 I - a +0 pair of boots (worn)
 R - a +0 cloak (worn)
 T - the +3 Mad Mage's Maulers (worn) {Infuse+∞ RegenMP Int-3}
   (Okawaru gifted it to you on level 10 of the Dungeon)

   It empowers its wearer's blows with all of their magic.
   It causes its wearer's magical reserves to regenerate more quickly.
   Int:       It affects your intelligence (-3).
 U - a +0 plate armour (worn)
Jewellery
 b - an amulet of the acrobat (around neck)
 e - an amulet of guardian spirit
 h - a +6 ring of strength (left hand)
 s - an amulet of magic regeneration
 E - a ring of ice
Wands
 i - a wand of flame (33)
 B - a wand of acid (1)
 P - a wand of mindburst (5)
Scrolls
 a - a scroll of silence {unknown}
 f - 3 scrolls of amnesia {unknown}
 g - 2 scrolls of enchant weapon {unknown}
 l - 3 scrolls of noise {unknown}
 m - 7 scrolls of identify {unknown}
 o - a scroll of poison {unknown}
 r - 2 scrolls of enchant armour
 t - 3 scrolls of fear {unknown}
 v - 2 scrolls of vulnerability {unknown}
 y - 5 scrolls of fog {unknown}
 J - a scroll of blinking {unknown}
 Q - a scroll of torment {unknown}
 S - 2 scrolls of teleportation {unknown}
Potions
 d - 4 potions of curing
 j - a potion of cancellation {unknown}
 k - a potion of resistance
 n - 8 potions of heal wounds {unknown}
 p - 3 potions of magic
 u - 7 potions of attraction {unknown}
 w - 2 potions of haste
 x - a potion of flight {unknown}
 z - 3 potions of brilliance {unknown}
 A - 3 potions of berserk rage {unknown}
 G - a potion of lignification {unknown}
 L - a potion of degeneration {unknown}
 O - 3 potions of might
Miscellaneous
 M - a lightning rod (3/4)


   Skills:
 + Level 9.0 Fighting
 * Level 6.2(8.5) Axes
 - Level 9.0(9.8) Maces & Flails
 + Level 8.3 Armour
 + Level 5.2 Dodging
 - Level 4.0 Shields
 + Level 6.9 Invocations
 + Level 8.1 Evocations


You had 11 spell levels left.
You didn't know any spells.
Your spell library contained the following spells:

 Spells                   Type           Power      Damage    Failure   Level
 Sandblast                Erth           0%         2d4       99%         1
 Passwall                 Tmut/Erth      0%         N/A       100%        2
 Sublimation of Blood     Necr           0%         N/A       100%        2
 Frozen Ramparts          Ice            0%         1d1       100%        3
 Stone Arrow              Conj/Erth      0%         3d7       100%        3
 Ice Form                 Ice/Tmut       0%         N/A       100%        4
 Petrify                  Tmut/Erth      0%         N/A       100%        4
 Irradiate                Conj/Tmut      0%         3d11      100%        5
 Summon Ice Beast         Ice/Summ       Unusable   N/A       N/A         4

Dungeon Overview and Level Annotations

Branches:
Dungeon (11/15)            Temple (1/1) D:4           Sewer (visited)
   Lair: D:8-11         Orc: D:9-12

Altars:
Ashenzari
Cheibriados
Dithmenos
Elyvilon
Fedhas
Gozag
Hepliaklqana
Kikubaaqudgha
Makhleb
Nemelex Xobeh
Okawaru
Qazlal
Ru
Sif Muna
Trog
Uskayaw
Vehumet
Wu Jian
Xom
Yredelemnul
Zin
The Shining One


Innate Abilities, Weirdness & Mutations

You cannot be hasted, slowed, berserked, paralysed or teleported.
You can dig through walls and to a lower floor.
You have a pair of large antennae on your head. (SInv)
Your four strong arms can wield two-handed weapons with a shield.


Message History

The slime creature hits you but does no damage.
Unknown command.
The slime creature attacks as you move away!
The slime creature hits you but does no damage.
The slime creature attacks as you move away!
You block the slime creature's attack.
Two slime creatures merge to form a large slime creature.
Two slime creatures merge to form a very large slime creature.
Aiming: Thunderbolt
Press: ? - help, Shift-Dir - straight line, f - orc
Aim: an orc, wielding a +0 short sword The thunderbolt hits the orc!
You kill the orc!
The thunderbolt hits the very large slime creature!
The very large slime creature is heavily wounded.
The thunderbolt hits the orc!
You kill the orc!
Okawaru accepts your kill.
The thunderbolt hits the orc!
You kill the orc!
Okawaru accepts your kill.
You hear a shout!
The very large slime creature attacks as you move away!
The very large slime creature hits you!
The very large slime creature attacks as you move away!
The very large slime creature hits you!!!
Ouch! That really hurt!
* * * LOW HITPOINT WARNING * * *
Aiming: Paralyse
Press: ? - help, Shift-Dir - straight line, f - very large slime creature
Aim: a very large slime creature (heavily wounded, chance to affect: 50%)
The very large slime creature resists with some effort.
The now-empty wand crumbles to dust.
The very large slime creature hits you but does no damage.
Okay, then.
Unknown command.
Okay, then.
The very large slime creature attacks as you move away!
The very large slime creature hits you!!
You die...

###.....# .
#.......########).
#.....{...........
#....o{..{........
#....o.o{{o)).....
#...o#####........
#....#...#.{{.....
#..oJo...#..o{....
###.@'...####{oo..
#..#######


{oo.o #........# #... #........# ... #........# #. #........# #........#
#........## #[........# You could see a very large slime creature and 5 orcs.

Vanquished Creatures
  Harold (D:9)
  3 two-headed ogres
  Pikel (D:4)
  The ghost of Zdeegee the Chiller, a novice GrIE of Vehumet (D:6)
  An unseen horror (D:10)
  A komodo dragon (D:11)
  A hornet (D:9)
  A troll (D:8)
  Prince Ribbit (D:9)
  Sigmund (D:2)
  2 shadows
  3 wyverns
  9 yaks
  2 wraiths (D:10)
  A vampire (D:10)
  4 steam dragons
  Menkaure (D:6)
  An acid dragon (D:8)
  3 water moccasins
  Duvessa (D:4)
  2 ice beasts
  3 orc warriors
  A sky beast (D:7)
  An ogre (D:5)
  9 centaurs
  A phantom (D:5)
  2 lemures
  A kobold brigand (D:8)
  3 bullfrogs (D:6)
  Blork the orc (D:4)
  2 necrophages (D:7)
  2 gnoll sergeants (D:9)
  3 scorpions (D:6)
  7 wights
  Dowan (D:4)
  A killer bee (D:7)
  4 hounds
  4 gnoll boudas
  4 orc priests
  A jelly (D:5)
  6 iguanas
  9 orc wizards
  Natasha (thrice) (D:2)
  19 gnolls
  11 adders
  A shadow imp (D:7)
  A white imp (D:8)
  3 ufetubi
  43 orcs
  5 endoplasms (D:1)
  2 giant cockroaches (D:1)
  3 goblins
  11 hobgoblins
  2 jackals (D:2)
  4 kobolds
  2 quokkas
  6 ball pythons
  5 bats (D:2)
  8 frilled lizards
  11 rats
247 creatures vanquished.

Vanquished Creatures (others)
  A gnoll (D:9)
  9 fungi (D:6)
  3 plants (D:6)
13 creatures vanquished.

Grand Total: 260 creatures vanquished

Notes
Turn   | Place    | Note
-------+----------+-------------------------------------------
     0 | D:1      | SBREAK the Formicid Fighter began the quest for the Orb.
     0 | D:1      | Reached XP level 1. HP: 18/18 MP: 1/1
   155 | D:1      | Reached XP level 2. HP: 24/24 MP: 2/2
   516 | D:1      | Reached XP level 3. HP: 28/30 MP: 3/3
   772 | D:2      | Found a faded altar of an unknown god.
   950 | D:2      | Noticed Natasha
   961 | D:2      | Killed Natasha
   962 | D:2      | Reached skill level 1 in Evocations
   962 | D:2      | Reached XP level 4. HP: 3/37 MP: 1/4
  1464 | D:2      | Noticed Sigmund
  1472 | D:2      | Killed Sigmund
  1473 | D:2      | Reached XP level 5. HP: 35/43 MP: 5/5
  1473 | D:2      | Reached XP level 6. HP: 40/49 MP: 6/6
  1720 | D:2      | Noticed Natasha
  1731 | D:2      | Killed Natasha
  2063 | D:2      | Noticed Natasha
  2247 | D:2      | Killed Natasha
  2286 | D:2      | Found a faded altar of an unknown god.
  2886 | D:3      | Found an ornate altar of the Wu Jian Council.
  2958 | D:3      | Found a stormy altar of Qazlal.
  3285 | D:3      | Found a sparkling altar of Nemelex Xobeh.
  3459 | D:4      | Noticed Pikel
  3473 | D:3      | Reached skill level 5 in Maces & Flails
  3524 | D:4      | Noticed Blork the orc
  3545 | D:4      | Killed Blork the orc
  3546 | D:4      | Reached skill level 5 in Fighting
  3546 | D:4      | Reached XP level 7. HP: 17/56 MP: 7/7
  3894 | D:4      | Found a glowing drain.
  3967 | Sewer    | Entered a sewer
  4911 | D:4      | Killed Pikel
  4912 | D:4      | Reached XP level 8. HP: 7/64 MP: 8/8
  5336 | D:4      | Found a staircase to the Ecumenical Temple.
  5549 | D:4      | Noticed Dowan
  5627 | D:4      | Noticed Duvessa
  5646 | D:4      | Killed Duvessa
  5664 | Temple   | Entered the Ecumenical Temple
  5840 | Temple   | Became a worshipper of Warmaster Okawaru
  5975 | D:4      | Killed Dowan
  6109 | D:5      | Entered Level 5 of the Dungeon
  6180 | D:5      | Found an ancient bone altar of Kikubaaqudgha.
  6257 | D:5      | Identified the +11 hand axe "Fax Nena" {vorpal, Dex+5
                  | Stlth+}
  6373 | D:5      | Reached skill level 5 in Armour
  6422 | D:5      | Reached skill level 1 in Invocations
  6532 | D:5      | Reached * piety under Okawaru
  6533 | D:5      | Reached skill level 1 in Dodging
  6533 | D:5      | Reached XP level 9. HP: 64/69 MP: 8/10
  6830 | D:6      | Found a runed translucent door.
  6857 | D:6      | Reached skill level 5 in Evocations
  6890 | D:6      | Noticed Menkaure
  6900 | D:6      | Killed Menkaure
  7176 | D:6      | Noticed Zdeegee's ghost (novice GrIE)
  7192 | D:6      | Killed Zdeegee's ghost
  7192 | D:6      | Reached ** piety under Okawaru
  7671 | D:6      | Reached XP level 10. HP: 77/79 MP: 12/12
  7754 | D:6      | Found a blossoming altar of Fedhas.
  8395 | D:7      | Reached *** piety under Okawaru
  9692 | D:8      | Noticed a two-headed ogre
 10087 | D:8      | Reached skill level 1 in Axes
 10200 | D:8      | Reached **** piety under Okawaru
 10348 | D:8      | Killed a two-headed ogre
 10349 | D:8      | Reached skill level 5 in Invocations
 10656 | D:8      | Reached XP level 11. HP: 84/86 MP: 14/14
 10937 | D:8      | Found a snail-covered altar of Cheibriados.
 11029 | D:8      | Noticed a two-headed ogre
 11483 | D:8      | Killed a two-headed ogre
 11483 | D:8      | Reached ***** piety under Okawaru
 11857 | D:9      | Noticed Prince Ribbit
 11881 | D:9      | Killed Prince Ribbit
 12159 | D:9      | Received a gift from Okawaru
 12245 | D:9      | Found a shimmering altar of Xom.
 12667 | D:9      | Noticed Harold
 12680 | D:9      | Killed Harold
 12681 | D:9      | Reached skill level 5 in Axes
 12728 | D:9      | Found a basalt altar of Yredelemnul.
 12805 | D:10     | Entered Level 10 of the Dungeon
 12814 | D:10     | Noticed a two-headed ogre
 12960 | D:10     | Killed a two-headed ogre
 13195 | D:10     | Found an opulent altar of Gozag.
 13390 | D:10     | Reached skill level 5 in Dodging
 13477 | D:10     | Received a gift from Okawaru
 13477 | D:10     | Found the +3 Mad Mage's Maulers {Infuse+∞ RegenMP Int-3}
 13782 | D:10     | Reached XP level 12. HP: 94/94 MP: 0/17
 14533 | D:11     | Demolished by a very large slime creature

Illustrated notes

Levels and vault maps discovered:
D:1:      giann_forest_graveyard, layout_basic
D:2:      layout_loops_ring, ebering_ecumenical_altar_box, uniq_natasha,
          uniq_sigmund
D:3:      layout_basic, lemuel_doored_altar, lemuel_tele_altar,
          mainiacjoe_overflow_tiny_flanked, minmay_misc_feat_four_crosses
D:4:      cheibrodos_helix_gallery, layout_rooms,
          minmay_temple_entry_mini_moons, portal_sewer_entry_d,
          uniq_blork_the_orc, uniq_pikel, uniq_duvessa
D:5:      layout_loops_cross, pf_just_have_faith, dreamdust_princess_bridge
D:6:      layout_cave_pools, fedhas_altar_3, ebering_ghost_sewer_d,
          chequers_garden, minivault_26, uniq_menkaure
D:7:      layout_basic, small_statue_intersection
D:8:      minmay_s_stair_smasher, layout_basic, lemuel_crystal_altar
D:9:      layout_basic, old_standard_altar, lemuel_coloured_pillars_altar,
          st_stairs_4, kennysheep_doodads, uniq_prince_ribbit1, uniq_harold
D:10:     layout_loops_ring, nicolae_gozag_seed_capital, grunt_ministairs_8,
          serial_park_tiny_2, minmay_misc_feat_x
D:11:     layout_irregular_city, lair_entry_dummy, hiddenorc1_lemuel,
          serial_shops, shop
Temple:   nicolae_temple_bog_church

Skill      XL: |  1  2  3  4  5  6  7  8  9 10 11 12 |
---------------+-------------------------------------+-----
Maces & Flails | 3 4 5 6 7 8 9 |  9.0
Fighting       | 4 5 6 7 8 9 |  9.0
Evocations     | 1 2 4 5 6 8 |  8.1
Armour         | 4 5 6 7 8 |  8.3
Invocations    | 1 3 5 6 |  6.9
Dodging        | 1 2 3 5 |  5.2
Axes           | 2 5 6 |  6.2
Shields        | |  4.0

Action                   |  1- 3 |  4- 6 |  7- 9 | 10-12 || total
-------------------------+-------+-------+-------+-------++-------
Melee: Flail             |    81 |    72 |   112 |       ||   265
       Whip              |       |       |    46 |       ||    46
       Hand axe          |       |       |    82 |   333 ||   415
       Unarmed           |       |       |     5 |       ||     5
Invok: Heroism           |       |       |     1 |     2 ||     3
 Abil: Dig               |       |     1 |     7 |     3 ||    11
Evoke: Wand              |     1 |     4 |     3 |    14 ||    22
       Lightning rod     |       |       |       |     2 ||     2
  Use: Potion            |       |     4 |     2 |       ||     6
       Scroll            |       |     2 |       |       ||     2
 Stab: Paralysed         |       |       |       |     8 ||     8
Armor: Scale mail        |    37 |     5 |       |       ||    42
       Chain mail        |       |    23 |    80 |   114 ||   217
       Skin              |       |       |     3 |       ||     3
       Plate armour      |       |       |       |     9 ||     9
Dodge: Dodged            |    32 |    33 |   118 |   200 ||   383
Block: Buckler           |    18 |    14 |    57 |    92 ||   181
